[Event "GrandPrix_29.05"]
[Site "Chess.com"]
[Date "2020.05.29"]
[Round "3"]
[White "dzhumagaliev"]
[Black "zuagroasta"]
[Result "1-0"]
[WhiteElo "2086"]
[BlackElo "1369"]
[TimeControl "600+2"]
[EndTime "10:22:39 PDT"]
[Termination "dzhumagaliev won by resignation"]

1. Nf3 d5 2. d4 Nf6 3. c4 e6 4. g3 Bb4+ 5. Bd2 a5 6. Bg2 Kf8 7. O-O Bxd2 8. Qxd2 Ne4 9. Qc2 g6 10. Ne5 f6 11. Nd3 b6 12. Nf4 c6 13. Bxe4 dxe4 14. Qxe4 Kf7 15. Nc3 Re8 16. Rad1 Ba6 17. b3 Ra7 18. h4 Qd6 19. h5 Rg8 20. d5 exd5 21. cxd5 Rb7 22. dxc6 Qxc6 23. Ncd5 Qd6 24. hxg6+ hxg6 25. Nxg6 Rd7 26. Ngf4 Bb7 27. Qh7+ Kf8 28.
Qh6+ Kf7 29. e4 Qe5 30. Qh7+ Rg7 31. Qh5+ Qxh5 32. Nxh5 Rg6 33. Ndxf6 Rxf6 34. Nxf6 Kxf6 35. Rxd7 Nxd7 36. f3 Ke5 37. Kf2 Kd6 38. Ke3 Nf6 39.
g4 Ke5 40. g5 Ne8 41. f4+ Ke6 42.
f5+ Kf7 43. e5 1-0

[Event "GrandPrix_29.05"]
[Site "Chess.com"]
[Date "2020.05.29"]
[Round "3"]
[White "jncool68"]
[Black "Mikhail_Golubev"]
[Result "1-0"]
[WhiteElo "2151"]
[BlackElo "2100"]
[TimeControl "600+2"]
[EndTime "10:22:53 PDT"]
[Termination "jncool68 won on time"]

1. e4 c5 2. Nf3 d6 3. d4 Nf6 4.
Nc3 cxd4 5. Nxd4 g6 6. Be3 Bg7 7. Be2 Nc6 8. Qd2 O-O 9. O-O-O Ng4 10. Bxg4 Bxg4 11. f3 Bd7 12. h4 Ne5 13. b3 Qa5 14. Kb1 Rfc8 15. Nd5 Qxd2 16. Rxd2 Kf8 17. h5 e6 18. Nf4 Rc3 19. Bf2 g5 20. h6 Bf6 21.
Nfe2 Rcc8 22. Be3 Ke7 23. c4 a6 24. Rh5 Rg8 25. Nc3 Bc6 26. Rh1 Rac8 27. Rhd1 Rg6 28. Nxc6+ Rxc6 29. Rxd6 Rxd6 30. Bc5 Nxc4 31. bxc4 Bxc3 32.
Rxd6 Ke8 33. Rb6 Rxh6 34. Rxb7 Bf6 35. Bd6 Rh1+ 36. Kc2 Rg1 37. c5 Rxg2+ 38. Kd3 Rg1 39. c6 Rd1+ 40. Kc4 Rxd6 41. Kc5 Be7 42. e5 Rd1+ 43. Kb6 Rb1+ 44. Ka7 Rc1 45. c7 Kd7 46. Kb8 1-0

[Event "GrandPrix_29.05"]
[Site "Chess.com"]
[Date "2020.05.29"]
[Round "3"]
[White "Chessbuster123"]
[Black "Grebnev_A"]
[Result "0-1"]
[WhiteElo "1988"]
[BlackElo "2169"]
[TimeControl "600+2"]
[EndTime "10:23:03 PDT"]
[Termination "Grebnev_A won by resignation"]

1. d4 Nf6 2. c4 g6 3. g3 Bg7 4. Bg2 O-O 5. Nc3 d6 6. Nf3 Nc6 7. d5 Na5 8. Nd2 c6 9. dxc6 bxc6 10. O-O Rb8 11. Rb1 c5 12. a3 Be6 13. Nd5 Nxd5 14.
cxd5 Bf5 15. e4 Bd7 16. b4 Nb7 17. Bb2 Bxb2 18. Rxb2 cxb4 19. axb4 Nc5 20. Qc2 Na4 21. Rb3 Nb6 22. Ra3 a6 23. Rfa1 Bb5 24. Bf1 Qd7 25. Rc3 Rfc8 26. Bxb5 Qxb5 27. Rc6 Rxc6 28. dxc6 Rc8 29.
Ra5 Qxb4 30. Rxa6 Qb5 31. Ra7 Rxc6 32. Qb3 Qxb3 33. Nxb3 Nc8 34. Ra8 Kg7 35. Kg2 Rc3 36. Nd2 Rc7 37. Nf1 Nb6 38. Re8 Kf6 39. Ne3 Ke5 40.
Kf3 h5 41. Rb8 Nc4 42. Rb5+ Kd4 43. Rd5+ Kc3 44. Nd1+ Kb4 45. Rd4 Kc5 46. Rd5+ Kc6 47. Nc3 Ra7 48. Rd4 Kc5 49. Rd5+ Kb4 50. Nd1 Ra3+ 51.
Kg2 e6 52. Rg5 Rd3 53. Ne3 Nxe3+ 54. fxe3 Rxe3 55. e5 Rxe5 56. Rxe5 dxe5 57. Kf3 f5 0-1

[Event "GrandPrix_29.05"]
[Site "Chess.com"]
[Date "2020.05.29"]
[Round "3"]
[White "chessfreak35"]
[Black "Gabrielian_Artur"]
[Result "0-1"]
[WhiteElo "2267"]
[BlackElo "2668"]
[TimeControl "600+2"]
[EndTime "10:23:09 PDT"]
[Termination "Gabrielian_Artur won by resignation"]

1. e4 c5 2. Nf3 d6 3. d4 cxd4 4.
Nxd4 Nf6 5. Nc3 Nc6 6. Bg5 e6 7.
Qd3 Bd7 8. Ndb5 Nb4 9. Qd1 a6 10. a3 axb5 11. axb4 Rxa1 12. Qxa1 Be7 13. Bxb5 Bxb5 14.
Bxf6 Bxf6 15. Nxb5 O-O 16. O-O d5 17. Rd1 Qb6 18. Qa5 Qc6 19. Nc3 d4 20. e5 Bd8 21.
Qb5 dxc3 22. Qxc6 bxc6 23. bxc3 Bc7 24. f4 Rd8 25. Ra1 g5 26. g3 Bb6+ 27. Kf1 gxf4 28. gxf4 Be3 29. Ra6 Rc8 0-1

[Event "GrandPrix_29.05"]
[Site "Chess.com"]
[Date "2020.05.29"]
[Round "3"]
[White "Alexander_Moskalenko"]
[Black "KuzubovYuriy"]
[Result "0-1"]
[WhiteElo "2137"]
[BlackElo "2498"]
[TimeControl "600+2"]
[EndTime "10:23:31 PDT"]
[Termination "KuzubovYuriy won by checkmate"]

1. e4 c5 2. Nc3 d6 3. d4 cxd4 4. Qxd4 Nf6 5. Bb5+ Bd7 6. Bxd7+ Nfxd7 7. Bg5 Nc6 8. Qd2 g6 9. Nge2 h6 10. Bf4 Bg7 11.
O-O Rc8 12. Nd5 Nc5 13. Nec3 e6 14. Ne3 Bxc3 15. Qxc3 e5 16. Bg3 Nxe4 17. Qb3 Nd2 18. Qxb7 Nxf1 19. Rxf1 Qd7 20. Qa6 O-O 21. f4 f5 22. Rd1 Qe6 23. Nd5 Nd4 24. c4 Ne2+ 25. Kf2 exf4 26. Bxf4 Nxf4 27. Nxf4 Qxc4 28. Qxc4+ Rxc4 29. Nxg6 Rc2+ 30. Kf3 Rf6 31. Ne7+ Kg7 32. Nd5 Rf7 33.
Nf4 Rd7 34. Nd3 d5 35. h4 d4 36. g3 Re7 37. g4 Re3+ 38. Kf4 fxg4 39. Kxg4 h5+ 40.
Kxh5 Rg2 41. b4 Re6 42. Nf4 Rh6# 0-1

[Event "GrandPrix_29.05"]
[Site "Chess.com"]
[Date "2020.05.29"]
[Round "3"]
[White "weplaychess09"]
[Black "AnotherGrumpy"]
[Result "1-0"]
[WhiteElo "2100"]
[BlackElo "1708"]
[TimeControl "600+2"]
[EndTime "10:23:31 PDT"]
[Termination "weplaychess09 won by resignation"]

1. d4 d5 2. c4 c6 3. Nc3 Nf6 4. e3 e6 5. Nf3 Nbd7 6. Qc2 Bd6 7. b3 dxc4 8. bxc4 e5 9. Be2 O-O 10. O-O exd4 11. exd4 Re8 12. Bg5 h6 13. Bh4 Qc7 14. Rfe1 b6 15. Rad1 Bb7 16. Bf1 Bb4 17. Qb3 Bxc3 18.
Qxc3 Ne4 19. Qc2 Qf4 20. Re3 Ng5 21. Bg3 Nxf3+ 22. Rxf3 Qg4 23. c5 Nf6 24. Be5 Rxe5 25. dxe5 Nd5 26. Bc4 bxc5 27. Bxd5 cxd5 28. Qxc5 d4 29. h3 Qh5 30. Rfd3 Re8 31. Qxa7 Be4 32. Rxd4 Rxe5 33. Re1 f5 34. f3 1-0

[Event "GrandPrix_29.05"]
[Site "Chess.com"]
[Date "2020.05.29"]
[Round "3"]
[White "Malysch"]
[Black "Borsuk_Konstantin"]
[Result "1-0"]
[WhiteElo "2214"]
[BlackElo "1772"]
[TimeControl "600+2"]
[EndTime "10:23:37 PDT"]
[Termination "Malysch won on time"]

1. d4 Nf6 2. c4 e6 3. g3 Bb4+ 4. Nd2 O-O 5. Bg2 d5 6. Nf3 Re8 7. O-O Nbd7 8. Qc2 c6 9. e4 dxc4 10. Nxc4 h6 11. Rd1 Nf8 12. Be3 N6d7 13. Rac1 Nb6 14.
Nce5 f6 15. Nd3 Be7 16. Nc5 Nbd7 17. Nd3 a5 18. Qc4 Nb6 19. Qc2 Nbd7 20. Nf4 a4 21. a3 Qa5 22. d5 cxd5 23. exd5 e5 24. Nh5 g6 25. d6 Bd8 26. Nh4 gxh5 27. Bd5+ Kh8 28. Bf7 Re6 29. Bxe6 Nxe6 30. Qg6 Ndf8 31. Qxh6+ Kg8 32. Ng6 Bd7 33. Ne7+ Kf7 34. Qxh5+ 1-0

[Event "GrandPrix_29.05"]
[Site "Chess.com"]
[Date "2020.05.29"]
[Round "3"]
[White "bedgasm"]
[Black "klimkoj"]
[Result "0-1"]
[WhiteElo "2230"]
[BlackElo "2110"]
[TimeControl "600+2"]
[EndTime "10:23:46 PDT"]
[Termination "klimkoj won by resignation"]

1. Nf3 Nf6 2. g3 g6 3. Bg2 Bg7 4. O-O O-O 5. b3 c5 6. Bb2 Nc6 7. c4 Qc7 8. d3 Rd8 9. e4 b6 10.
Nc3 Bb7 11. Re1 e5 12. Nd5 Qd6 13. Qd2 Nxd5 14. exd5 Nd4 15. Bxd4 cxd4 16. h4 Rac8 17. h5 Re8 18. Qg5 Qf6 19. Qxf6 Bxf6 20. Bh3 Rcd8 21. Nd2 d6 22. Ne4 Be7 23. f4 f5 24. Ng5 Bxg5 25.
fxg5 Bc8 26. a4 e4 27. Bg2 exd3 28. Rad1 Rxe1+ 29. Rxe1 f4 30. gxf4 Bg4 31. Re4 d2 32. Rxd4 d1=Q+ 33. Rxd1 Bxd1 34. b4 Bxa4 35. hxg6 hxg6 36. Bh3 Bb3 37. Be6+ Kg7 38. Kf1 Bxc4+ 39.
Kf2 a5 0-1

[Event "GrandPrix_29.05"]
[Site "Chess.com"]
[Date "2020.05.29"]
[Round "3"]
[White "VitaliyBernadskiy"]
[Black "DarkAlekhine"]
[Result "1-0"]
[WhiteElo "2400"]
[BlackElo "2078"]
[TimeControl "600+2"]
[EndTime "10:23:50 PDT"]
[Termination "VitaliyBernadskiy won by resignation"]

1. e4 Nf6 2. e5 Nd5 3. c4 Nb6 4.
c5 Nd5 5. Nc3 e6 6. d4 Nxc3 7.
bxc3 b6 8. cxb6 axb6 9. Bd3 Bb7 10. Qg4 h5 11. Qg3 h4 12. Qg4 d6 13. Nf3 h3 14.
O-O hxg2 15. Re1 Bxf3 16. Qxf3 d5 17. Qxg2 Qh4 18. Re3 Ba3 19. Bd2 g6 20. Rf3 Be7 21. a4 Rh5 22. Rg3 c6 23. Be2 Rh8 24. Bg4 Qh7 25. h3 Nd7 26. Be2 Qh4 27. Kh2 Bf8 28. Rg4 Qh7 29. Bd3 Bh6 30. Rxg6 Bxd2 31.
Rxe6+ fxe6 32. Bxh7 Rxh7 33. Qg6+ Rf7 34. Qxe6+ Kf8 35. Qd6+ Kg7 36. Rg1+ Kh8 37. Qg6 Rh7 38. e6 Bf4+ 39. Kh1 Rxh3+ 40. Kg2 Rh6 41. Qf5 Bh2 42. Rh1 Rg8+ 43. Kf1 Nf6 44. Rxh2 Rxh2 45. Qxf6+ Kh7 46. Qf5+ Rg6 47. e7 1-0

[Event "GrandPrix_29.05"]
[Site "Chess.com"]
[Date "2020.05.29"]
[Round "3"]
[White "OhanyanEminChess"]
[Black "Nodar_Lortkipanidze"]
[Result "0-1"]
[WhiteElo "2130"]
[BlackElo "2371"]
[TimeControl "600+2"]
[EndTime "10:23:59 PDT"]
[Termination "Nodar_Lortkipanidze won on time"]

1. e4 e6 2. d4 d5 3. Nc3 Nf6 4.
e5 Nfd7 5. f4 c5 6. Nf3 Nc6 7.
Be3 a6 8. Qd2 cxd4 9. Nxd4 Bc5 10. O-O-O Nxd4 11. Bxd4 O-O 12. g4 b5 13. Bg2 Rb8 14.
Rhe1 a5 15. Ne2 b4 16. Bxc5 Nxc5 17. Nd4 Bd7 18. f5 a4 19. Qf4 b3 20. f6 gxf6 21.
exf6 Kh8 22. Re5 bxa2 23. Qh6 Rg8 24. Rh5 a1=Q+ 25. Kd2 Qa5+ 26. Ke2 Bb5+ 27. Kf2 Nd3+ 28. cxd3 Qxb2+ 29. Ke3 Qxd4+ 30. Kxd4 Qb6+ 31. Ke5 Qc7+ 32. Kd4 Bxd3 33. Rxd3 Rb4+ 34. Ke3 Qe5+ 35. Kf2 Rb2+ 36. Kg1 Qe1+ 37. Bf1 Qf2+ 0-1

[Event "GrandPrix_29.05"]
[Site "Chess.com"]
[Date "2020.05.29"]
[Round "3"]
[White "Salnaa"]
[Black "Inkalubo"]
[Result "1-0"]
[WhiteElo "2141"]
[BlackElo "1652"]
[TimeControl "600+2"]
[EndTime "10:24:02 PDT"]
[Termination "Salnaa won by resignation"]

1. d4 Nf6 2. c4 e6 3. Nc3 Bb4 4. Qc2 b6 5. a3 Bxc3+ 6. Qxc3 Ne4 7. Qc2 Bb7 8. Nf3 f5 9. e3 d6 10. b4 Nd7 11. Be2 g5 12. d5 e5 13. O-O g4 14.
Nd2 Nxd2 15. Bxd2 Qg5 16. f4 gxf3 17. Rxf3 Rf8 18. Raf1 e4 19. Rg3 Qf6 20. Bh5+ Ke7 21. Bg4 Ne5 22. Rxf5 Qg6 23. Qxe4 Bc8 24. Rxe5+ dxe5 25.
Qxe5+ Kd8 26. Bf3 Qf5 27. Qxf5 Bxf5 28. e4 Bg6 29. h4 Re8 30. Rg4 a5 31. b5 Kc8 32. Rf4 Kb7 33. h5 1-0

[Event "GrandPrix_29.05"]
[Site "Chess.com"]
[Date "2020.05.29"]
[Round "3"]
[White "ZverevLev"]
[Black "Mugzyyy"]
[Result "1-0"]
[WhiteElo "2242"]
[BlackElo "2562"]
[TimeControl "600+2"]
[EndTime "10:24:12 PDT"]
[Termination "ZverevLev won by checkmate"]

1. e4 c5 2. Nf3 d6 3. d4 cxd4 4. Nxd4 Nf6 5. Nc3 Nc6 6. Bg5 g6 7. Qd2 Bg7 8. Nb3 O-O 9. O-O-O a5 10. Bh6 a4 11. Nd4 Nxe4 12. Nxe4 Bxd4 13. Bxf8 Qxf8 14.
h4 a3 15. b3 Bb2+ 16. Kb1 Bh8 17. h5 Qg7 18. c3 Bf5 19. Bd3 Nb4 20. h6 Qe5 21. f4 Qxe4 22. Bxe4 Bxe4+ 23. Kc1 Rc8 24. Rh3 Nd5 25. Qxd5 Bxd5 26. Rxd5 Bxc3 27. Kd1 Bb2 28. f5 Rc1+ 29. Kd2 Ra1 30. Ra5 Bc1+ 31. Kc2 Bxh6 32.
Rxh6 Rxa2+ 33. Kc3 gxf5 34. Rh5 e6 35. Rg5+ Kf8 36.
Ra8+ Ke7 37. Kb4 Kf6 38. Rgg8 d5 39. Rxa3 Rc2 40. Ra7 d4 41. Rxb7 e5 42. Rf8 d3 43.
Rfxf7+ Kg5 44. Rxh7 d2 45. Rbd7 e4 46. Rh3 Kf4 47. Rc3 Ra2 48. Kc5 Kg4 49. Rg7+ Kf4 50. g3+ Ke5 51. Re7+ Kf6 52. Rd7 Kg5 53. Rg7+ Kf6 54. Rd7 Kg5 55. b4 Kg4 56. b5 Rb2 57. b6 f4 58. gxf4 Kxf4 59. b7 e3 60. Rf7+ Kg4 61.
Rc4+ Kg3 62. Rb4 Rxb4 63. Kxb4 d1=Q 64. b8=Q+ Kg2 65. Rg7+ Kf1 66. Rf7+ Ke2 67. Qh2+ Ke1 68. Qg1+ Ke2 69. Qg2+ Kd3 70. Rd7# 1-0

[Event "GrandPrix_29.05"]
[Site "Chess.com"]
[Date "2020.05.29"]
[Round "3"]
[White "Pash2015"]
[Black "Khayala13"]
[Result "1-0"]
[WhiteElo "2188"]
[BlackElo "1970"]
[TimeControl "600+2"]
[EndTime "10:24:12 PDT"]
[Termination "Pash2015 won on time"]

1. e4 c5 2. d4 cxd4 3. Nf3 e6 4.
Bc4 a6 5. O-O b5 6. Bb3 Bb7 7. Qe2 Nc6 8. Rd1 Nge7 9. Bg5 f6 10.
Bh4 Ng6 11. Bg3 Bc5 12. c3 e5 13. cxd4 Nxd4 14. Nxd4 Bxd4 15. Nc3 h5 16. h4 Qb6 17.
Rd2 Rc8 18. Rad1 b4 19. Nd5 Qb5 20. Qf3 Bxd5 21. exd5 d6 22. Qf5 Ne7 23. Qe6 Qd7 24. Rxd4 Qxe6 25. dxe6 exd4 26. Bxd6 Nc6 27. Ba4 Kd8 28.
Rxd4 g6 29. e7+ Kd7 30. Bc5+ Kc7 31. Rd6 Kb7 32. Rxf6 Ne5 33. Rb6+ Kc7 34. Rxa6 Ng4 35.
Ra7+ Kb8 36. Ra5 Kb7 37. Rb5+ Ka6 38. f3 Ne5 39. Bd4 Rc1+ 40. Kh2 Nxf3+ 41. gxf3 Rhc8 42. Re5 b3 43. Bxb3 Rb1 44. e8=Q 1-0

[Event "GrandPrix_29.05"]
[Site "Chess.com"]
[Date "2020.05.29"]
[Round "3"]
[White "rusuvlad95"]
[Black "Shota_Azaladze"]
[Result "0-1"]
[WhiteElo "2104"]
[BlackElo "2341"]
[TimeControl "600+2"]
[EndTime "10:24:13 PDT"]
[Termination "Shota_Azaladze won by resignation"]

1. e4 g6 2. d4 Bg7 3. Nf3 c6 4. Bd3 d6 5. c4 e5 6. d5 Ne7 7.
h3 O-O 8. g4 Na6 9. Nc3 Nc5 10.
Bc2 cxd5 11. cxd5 Qb6 12. Bd2 Bd7 13. Rb1 a5 14. O-O f5 15. gxf5 gxf5 16. exf5 Nxf5 17. Kh2 Kh8 18. Rg1 Rae8 19. Ng5 e4 20. Qh5 h6 21. Nf7+ Rxf7 22. Qxf7 Rf8 23. Qh5 Rg8 24. Nxe4 Nxe4 25.
Bxe4 Qxf2+ 26. Kh1 Qxd2 27. Rbd1 Qf4 28. Bxf5 Qxf5 29.
Qxf5 Bxf5 0-1

[Event "GrandPrix_29.05"]
[Site "Chess.com"]
[Date "2020.05.29"]
[Round "3"]
[White "Nuvas"]
[Black "IriBu"]
[Result "1-0"]
[WhiteElo "2247"]
[BlackElo "1970"]
[TimeControl "600+2"]
[EndTime "10:24:13 PDT"]
[Termination "Nuvas won by resignation"]

1. d4 Nf6 2. c4 e6 3. Nc3 c5 4. d5 d6 5. e4 g6 6. Bd3 Bg7 7. h3 O-O 8. Bg5 exd5 9. cxd5 Re8 10. Nf3 h6 11. Be3 c4 12. Bc2 b5 13. a3 Nbd7 14. O-O a6 15. Re1 Qc7 16. Rc1 Rb8 17. b3 Bb7 18.
bxc4 bxc4 19. Ba7 Ra8 20. Bd4 Nc5 21. e5 dxe5 22. Bxe5 Qa5 23. Qd4 Ncd7 24. Ba4 Nxe5 25. Nxe5 Rxe5 26. Rxe5 Nh7 27. Rce1 Nf8 28. h4 Qd8 29. h5 Qd6 30. hxg6 Qxg6 31. Qxc4 Bxe5 32. Rxe5 Rc8 33. Qb4 Ba8 34. Re3 Qf6 35. Qg4+ Kh8 36. Qxc8 1-0

[Event "GrandPrix_29.05"]
[Site "Chess.com"]
[Date "2020.05.29"]
[Round "3"]
[White "EvgenyPigusov"]
[Black "MasterSonnevanck2"]
[Result "1/2-1/2"]
[WhiteElo "2163"]
[BlackElo "2052"]
[TimeControl "600+2"]
[EndTime "10:24:16 PDT"]
[Termination "Game drawn by repetition"]

1. Nf3 Nf6 2. c4 e6 3. g3 d5 4.
Bg2 Be7 5. O-O O-O 6. b3 c5 7. e3 Nc6 8. Bb2 b6 9. Nc3 Ba6 10. Nb5 Bb7 11. Rc1 Nb4 12. a3 Nd3 13. Rb1 Nxb2 14. Rxb2 a6 15. Nc3 Qc7 16. cxd5 Nxd5 17.
Nxd5 Bxd5 18. Ne1 Rfd8 19. Qe2 b5 20. Bxd5 exd5 21. d3 c4 22. dxc4 dxc4 23. bxc4 bxc4 24. Ra2 c3 25. Nf3 Rac8 26. Rc1 Qa5 27. Nd4 Bf6 28. Rac2 Qxa3 29. Qd3 g6 30. Rxc3 Qxc1+ 31. Rxc1 Rxc1+ 32. Kg2 Bxd4 33. exd4 Rc6 34. d5 Rcd6 35. Qa3 h5 36. h3 R8d7 37. g4 hxg4 38. hxg4 Rd8 39. Qa5 Rxd5 40. Qxa6 R8d6 41. Qc8+ Kg7 42. Qc3+ Kg8 43. Qc8+ Rd8 44. Qc7 Rd4 45. Kg3 R8d7 46. Qc8+ Kg7 47. Qc5 R4d5 48. Qc3+ Kg8 49. f3 R7d6 50.
Qc8+ Kg7 51. Qc3+ Kg8 52. Qc8+ Kg7 53. Qc3+ Kg8 1/2-1/2

[Event "GrandPrix_29.05"]
[Site "Chess.com"]
[Date "2020.05.29"]
[Round "3"]
[White "Luq27"]
[Black "VojtechPlat"]
[Result "1-0"]
[WhiteElo "2389"]
[BlackElo "2344"]
[TimeControl "600+2"]
[EndTime "10:24:18 PDT"]
[Termination "Luq27 won by resignation"]

1. Nf3 d6 2. d4 f5 3. g3 Nf6 4. Bg2 g6 5. O-O Bg7 6. c4 O-O 7. Nc3 Qe8 8. b3 c6 9. Ba3 Ne4 10. Rc1 h6 11. Qd3 Nxc3 12. Rxc3 Nd7 13. e4 Nf6 14. e5 Ne4 15. Rc2 dxe5 16. Nxe5 Be6 17.
Re2 Rd8 18. Bxe4 fxe4 19. Qxe4 Bf5 20. Qe3 Rf6 21. Rfe1 g5 22. f3 Re6 23. Kg2 Bxe5 24. dxe5 Rd3 25. Qxa7 Qh5 26. g4 Bxg4 27. fxg4 Qxg4+ 28.
Kh1 Qf3+ 29. Kg1 Qg4+ 30. Rg2 Qf5 31. Qf2 Rf3 32. Qe2 g4 33. Rg3 Kh7 34. Qe4 Rf1+ 35. Kg2 Rf2+ 36. Kh1 Rxe5 37. Qxf5+ Rexf5 38. Rxe7+ Kg6 39. Rxg4+ Kh5 40. Rg2 Rf1+ 41. Rg1 R1f2 42. Re3 Rg5 43. Rh3+ Kg6 44. Rxh6+ Kxh6 45. Bc1 Rxa2 46. Bxg5+ Kh5 47. Rg3 Ra5 48. h4 b5 49. cxb5 Rxb5 50. Kg2 c5 51. Rc3 Rb4 52. Kf3 Rd4 53. Rxc5 Rd3+ 54. Be3+ Kxh4 55. b4 Rb3 56. Rc6 1-0

[Event "GrandPrix_29.05"]
[Site "Chess.com"]
[Date "2020.05.29"]
[Round "3"]
[White "Meri-Arabidze"]
[Black "khekhm"]
[Result "0-1"]
[WhiteElo "2065"]
[BlackElo "2433"]
[TimeControl "600+2"]
[EndTime "10:24:20 PDT"]
[Termination "khekhm won on time"]

1. d4 Nf6 2. c4 g6 3. g3 Bg7 4. Bg2 d5 5. cxd5 Nxd5 6. Nf3 O-O 7. O-O Nb6 8. Nc3 Nc6 9. d5 Na5 10. Qc2 Bf5 11. e4 Bg4 12. Bf4 Rc8 13. Rfd1 Qd7 14. a4 c5 15. Nb5 a6 16. Na7 Ra8 17. Qxc5 Nbc4 18. Rac1 b6 19. Qb4 Rxa7 20. Rxc4 Nxc4 21. Qxc4 Rc8 22. Qb3 b5 23. a5 Qd8 24. Be3 Raa8 25.
Bb6 Qd7 26. Re1 e5 27. Nd2 Bf8 28. Qe3 Rc2 29. Nb3 Rac8 30. Rb1 h5 31. Nc1 Kh7 32. Nd3 f6 33. Bf1 Bh6 34. f4 Bh3 35. Qf3 exf4 36.
Nxf4 Qg4 37. Qxg4 Bxg4 38. b4 Bf8 39. Rd1 Bxd1 0-1

[Event "GrandPrix_29.05"]
[Site "Chess.com"]
[Date "2020.05.29"]
[Round "3"]
[White "MilanovicDan"]
[Black "rim1618"]
[Result "0-1"]
[WhiteElo "2318"]
[BlackElo "2416"]
[TimeControl "600+2"]
[EndTime "10:24:32 PDT"]
[Termination "rim1618 won by resignation"]

1. d4 Nf6 2. c4 e6 3. Nc3 Bb4 4. e3 O-O 5. Bd3 d5 6. cxd5 exd5 7. Ne2 b6 8. O-O Bb7 9. a3 Bd6 10. b4 a6 11. Rb1 Nbd7 12. a4 c6 13. a5 b5 14. f3 Qe7 15. Qb3 Rad8 16. Bd2 Ne8 17. Rbe1 Nc7 18. Na2 Kh8 19. Bb1 f5 20. Nac1 Ne6 21.
Nd3 Nf6 22. Qb2 Bb8 23. Bc3 Ne8 24. Ne5 Nd6 25. Nc1 Nc4 26. Qf2 Nxe5 27. dxe5 Ba7 28. Kh1 d4 29. exd4 Bxd4 30. Qb2 Bxc3 31. Qxc3 Rd4 32.
Nd3 Rfd8 33. Rc1 Qg5 34. Qb3 Rxd3 35. Qxe6 Qxc1 0-1

[Event "GrandPrix_29.05"]
[Site "Chess.com"]
[Date "2020.05.29"]
[Round "3"]
[White "francyIM"]
[Black "kpio91"]
[Result "0-1"]
[WhiteElo "2471"]
[BlackElo "2800"]
[TimeControl "600+2"]
[EndTime "10:24:34 PDT"]
[Termination "kpio91 won by resignation"]

1. Nf3 Nf6 2. c4 g6 3. g3 Bg7 4. Bg2 O-O 5. O-O d6 6. d4 Ne4 7. Qc2 f5 8. Rd1 Nc6 9. c5 dxc5 10.
dxc5 Qe8 11. Nbd2 Nf6 12. e4 e5 13. Re1 f4 14. b4 a6 15. Rb1 fxg3 16. hxg3 Ng4 17.
Nc4 Be6 18. Ne3 h6 19. a4 g5 20. Nf5 Qh5 21. Be3 Rae8 22. b5 axb5 23. axb5 Ne7 24. Nxg7 Kxg7 25. Qc3 Ng6 26. b6 c6 27. Rbd1 Rf6 28.
Rd6 Ref8 29. Qd3 Rxf3 30. Bxf3 Qh2+ 31. Kf1 Rxf3 32. Rxe6 Rxf2+ 0-1

[Event "GrandPrix_29.05"]
[Site "Chess.com"]
[Date "2020.05.29"]
[Round "3"]
[White "Sunnika"]
[Black "Robert_Chessmood"]
[Result "0-1"]
[WhiteElo "2127"]
[BlackElo "2153"]
[TimeControl "600+2"]
[EndTime "10:24:35 PDT"]
[Termination "Robert_Chessmood won by resignation"]

1. d4 Nf6 2. Nf3 g6 3. g3 Bg7 4. Bg2 O-O 5. O-O d6 6. c4 Bf5 7.
Nc3 Ne4 8. Bd2 Nxc3 9. Bxc3 Be4 10. Qd2 d5 11. b3 Nc6 12. Rfd1 a5 13. Nh4 Bxg2 14.
Nxg2 e6 15. Nf4 a4 16. e3 Re8 17. Kg2 Ne7 18. Qc2 Qd7 19. Bb4 Nc6 20. Bc3 Ra6 21.
b4 Raa8 22. cxd5 exd5 23. b5 Na7 24. Qxa4 Nxb5 25. Qc2 c5 26. a4 Nxc3 27. Qxc3 cxd4 28. exd4 Rxa4 29. Rxa4 Qxa4 30. Qf3 Rd8 31. Rb1 Qc6 32.
Rb4 Bh6 33. Nd3 Bg7 34. h4 h5 35. Ne5 Bxe5 36. dxe5 Rd7 37. Rd4 Qe6 38. Qf4 Kg7 39. Qe3 Re7 40. f4 Rc7 41. Qd3 Rc5 42. Qd2 Qc6 43.
Kh3 Qc8+ 44. f5 Qxf5+ 45. g4 hxg4+ 46. Rxg4 Rc4 0-1

[Event "GrandPrix_29.05"]
[Site "Chess.com"]
[Date "2020.05.29"]
[Round "3"]
[White "Paulz64"]
[Black "Carpe7Diem"]
[Result "1-0"]
[WhiteElo "2146"]
[BlackElo "2096"]
[TimeControl "600+2"]
[EndTime "10:24:40 PDT"]
[Termination "Paulz64 won on time"]

1. d4 d5 2. c4 c6 3. Nf3 Nf6 4.
Qc2 g6 5. Bf4 Bf5 6. Qb3 Qb6 7.
e3 Bg7 8. Nc3 Nbd7 9. Be2 O-O 10. O-O Ne4 11. cxd5 Qxb3 12. axb3 Nxc3 13. bxc3 cxd5 14.
c4 Nf6 15. c5 Ne4 16. Rfc1 Rfc8 17. b4 a6 18. h3 h5 19. Ra3 Bf6 20. Rca1 g5 21. Bh2 g4 22. hxg4 hxg4 23. Ne1 Bh4 24. Nd3 g3 25. fxg3 Bxg3 26. Nf4 Bf2+ 27. Kf1 Bg3 28. Bxg3 Nxg3+ 29. Ke1 Be4 30. b5 f6 31. Kf2 Nf5 32. g4 Ng7 33. bxa6 bxa6 34. Rxa6 Rxa6 35. Rxa6 e5 36. Nh5 Nxh5 37. gxh5 Kg7 38.
c6 Bf5 39. Ra7+ Kh6 40. c7 Kg5 41. Ba6 Rh8 42. Be2 exd4 43. exd4 Bg4 44. Ra5 Bxe2 45. Rxd5+ Kf4 46. Rd8 1-0

[Event "GrandPrix_29.05"]
[Site "Chess.com"]
[Date "2020.05.29"]
[Round "3"]
[White "PavelShkapenko"]
[Black "Yuri202062"]
[Result "1-0"]
[WhiteElo "2278"]
[BlackElo "2121"]
[TimeControl "600+2"]
[EndTime "10:24:41 PDT"]
[Termination "PavelShkapenko won on time"]

1. e4 c5 2. c3 Nf6 3. e5 Nd5 4. d4 cxd4 5. cxd4 d6 6. Nf3 e6 7.
Nc3 Nxc3 8. bxc3 Qc7 9. Bd2 Nd7 10. Ng5 Be7 11. Qh5 Bxg5 12. Qxg5 O-O 13. f4 b6 14. Bd3 Bb7 15. O-O f5 16. exf6 Nxf6 17. Rae1 Rae8 18. Re3 Bd5 19. Bb1 b5 20. Rfe1 a6 21.
Rh3 Qc6 22. Qh4 g6 23. Re2 Re7 24. f5 gxf5 25. Bxf5 Rg7 26. Bd3 Bxg2 27. Rg3 Bf3 28. Rxg7+ Kxg7 29. Bh6+ Kf7 30. Bxf8 Bxe2 31. Bxe2 Qxc3 32.
Bxd6 Qe3+ 33. Kf1 1-0

[Event "GrandPrix_29.05"]
[Site "Chess.com"]
[Date "2020.05.29"]
[Round "3"]
[White "Alex_Krayz"]
[Black "jacky72"]
[Result "0-1"]
[WhiteElo "2161"]
[BlackElo "2241"]
[TimeControl "600+2"]
[EndTime "10:24:48 PDT"]
[Termination "jacky72 won on time"]

1. e4 e5 2. Nf3 Nc6 3. Bb5 a6 4. Ba4 d6 5. c3 g6 6. O-O Bg7 7. h3 Bd7 8. d4 Nf6 9. Re1 O-O 10.
Nbd2 Re8 11. Bb3 Qe7 12. Nf1 Qf8 13. Ng3 Rad8 14. Ng5 Re7 15. f4 h6 16. Nf3 exd4 17.
cxd4 Bc8 18. Bd2 Qe8 19. e5 dxe5 20. fxe5 Nd5 21. Qc1 Kh7 22. Qc5 Be6 23. Rac1 Red7 24. Ne4 Nce7 25. Ba4 b5 26. Bb3 Nf5 27. Qc2 Nb6 28.
Nf6+ Bxf6 29. exf6 Nc4 30. Bxc4 bxc4 31. Bc3 Qh8 32.
d5 Rxd5 33. g4 Nd6 34. Qf2 Nb5 35. Be5 Rd3 36. Rf1 Qf8 37. Rce1 R8d5 38. Kg2 c3 39. Qh4 Rxf3 40. Rxf3 c2 41. Rf2 Qc5 42. Rc1 Rxe5 43. Rcxc2 Bd5+ 44. Kh2 Qd6 45. Qg3 Nd4 46. Rc1 Ne2 47.
Rxe2 Rxe2+ 0-1

[Event "GrandPrix_29.05"]
[Site "Chess.com"]
[Date "2020.05.29"]
[Round "3"]
[White "Olghita64"]
[Black "BashirliN"]
[Result "0-1"]
[WhiteElo "1964"]
[BlackElo "2184"]
[TimeControl "600+2"]
[EndTime "10:24:49 PDT"]
[Termination "BashirliN won by resignation"]

1. Nf3 Nf6 2. c4 e6 3. g3 b6 4. Bg2 Bb7 5. O-O g6 6. Nc3 Bg7 7. Re1 O-O 8. e4 d6 9. d4 Nbd7 10. Bg5 h6 11. Bd2 c5 12. d5 exd5 13. exd5 a6 14. a4 Qc7 15. h3 Rae8 16. Qc2 Bc8 17.
Bf1 Nh7 18. Nh4 Ndf6 19. Kh2 Qd7 20. f4 Rxe1 21. Rxe1 Re8 22. a5 Rxe1 23. Bxe1 bxa5 24.
Na4 g5 25. fxg5 hxg5 26. Nf3 g4 27. Ng1 Ng5 28. Nb6 Qe8 29. Bxa5 gxh3 30. Nxc8 Qxc8 31. Be2 Ng4+ 32. Bxg4 Qxg4 33. Bc3 Ne4 34. Ne2 Qf3 35. Kxh3 Nf2+ 0-1